 Dungeon Crawl Stone Soup version 0.28.0-43-g3370ac3207 (webtiles) character file.

Game seed: 11062456721829186420

98 tizbic2 the Grave Robber (level 4, -3/36 HPs)
             Began as a Hill Orc Necromancer on Mar 8, 2022.
             Succumbed to Terence's poison
             ... on level 3 of the Dungeon.
             The game lasted 00:12:46 (3311 turns).

tizbic2 the Grave Robber (Hill Orc Necromancer)     Turns: 3311, Time: 00:12:46

Health: -3/36      AC:  5    Str: 12    XL:     4   Next: 69%
Magic:  1/7        EV: 10    Int: 15    God:
Gold:   105        SH:  0    Dex: 11    Spells: 3/7 levels left

rFire   . . .      SeeInvis .   a - +0 hand axe
rCold   . . .      Faith    .   (no shield)
rNeg    . . .      Spirit   .   i - +0 ring mail
rPois   .          Reflect  .   (no helmet)
rElec   .          Harm     .   (no cloak)
rCorr   .          Rampage  .   (no gloves)
Will    .....                   (no boots)
Stlth   +.........              (no amulet)
HPRegen 0.12/turn               (no ring)
MPRegen 0.10/turn               (no ring)

@: lethally poisoned (-3 -> -33), very slightly contaminated
A: no striking features
a: no special abilities


You were on level 3 of the Dungeon.
You visited 1 branch of the dungeon, and saw 3 of its levels.

You collected 105 gold pieces.

Inventory:

Hand Weapons
 a - a +0 hand axe (weapon)
 h - a +0 mace
 w - a +0 shortbow
Missiles
 c - 21 arrows
 d - 6 poisoned darts
 e - 70 stones
Armour
 b - a +0 chain mail
 i - a +0 ring mail (worn)
 l - a +0 robe
Scrolls
 f - 2 scrolls of identify {unknown}
 j - 4 scrolls of teleportation {unknown}
 k - 2 scrolls of magic mapping {unknown}
 n - a scroll of holy word {unknown}
Potions
 g - a potion of magic {unknown}
 m - a potion of invisibility {unknown}
 o - 2 potions of cancellation {unknown}


   Skills:
 + Level 1.7 Fighting
 + Level 2.0 Axes
 * Level 2.3 Armour
 - Level 1.5 Dodging
 - Level 1.5 Stealth
 + Level 2.1 Spellcasting
 + Level 4.3 Necromancy


You had 3 spell levels left.
You knew the following spells:

 Your Spells              Type           Power      Damage    Failure   Level
a - Pain                  Necr           56%        1d6       9%          1
b - Vampiric Draining     Necr           14%        2d7       24%         3

Your spell library contained the following spells:

 Spells                   Type           Power      Damage    Failure   Level
 Animate Skeleton         Necr           28%        N/A       9%          1
 Animate Dead             Necr           7%         N/A       63%         4
 Agony                    Necr           14%        N/A       92%         5


Dungeon Overview and Level Annotations

Branches:
Dungeon (3/15)

Altars:
Xom

Annotations:
D:3 3 runed translucent doors, Terence; mortz's ghost, amateur TrFi


Message History

Terence says, "Rest in peace."
You shoot an arrow.
The arrow hits Terence but does no damage.
You shoot an arrow. The arrow closely misses Terence.
Terence hits you from afar with a +1 trident of venom.
a - a +0 hand axe (weapon)
Terence hits you from afar with a +1 trident of venom.
You are poisoned.
You feel sick. Terence barely misses you.
You hit Terence but do no damage.
You feel sick. Terence hits you but does no damage.
You are more poisoned.
You barely miss Terence.
You feel sick.
Terence hits you with a +1 trident of venom.
You are lethally poisoned!
Casting: Pain (safe; 9% risk of failure)
Confirm with . or Enter, or press ? or * to list all spells.
The spell is quite dangerous to miscast (24% risk of failure)!
Continue anyway?
Aiming: Vampiric Draining (quite dangerous; 24% risk of failure)
Press: ? - help, Shift-Dir - straight line, f/p - Terence
Aim: Terence, wielding a +1 trident of venom and wearing a +2 chain mail of poison resistance You miscast Vampiric Draining.
You are very lightly contaminated with residual magic.
Nothing appears to happen.
You feel very sick.
Terence hits you with a +1 trident of venom!
* * * LOW HITPOINT WARNING * * *
You are more poisoned.
Casting: Vampiric Draining (quite dangerous; 24% risk of failure)
Confirm with . or Enter, or press ? or * to list all spells.
The spell is quite dangerous to miscast (24% risk of failure)!
Continue anyway?
Okay, then.
Casting: Vampiric Draining (quite dangerous; 24% risk of failure)
Confirm with . or Enter, or press ? or * to list all spells.
The spell is quite dangerous to miscast (24% risk of failure)!
Continue anyway?
Aiming: Vampiric Draining (quite dangerous; 24% risk of failure)
Press: ? - help, Shift-Dir - straight line, f/p - Terence
Aim: Terence, wielding a +1 trident of venom and wearing a +2 chain mail of poison resistance You miscast Vampiric Draining.
Nothing appears to happen.
You die...

#....### ###. #.#.##
#.... #######
#.#.####..# ##.....##
....##...# ##.......##
.##.†..#### #.........#
.##.##†...## #.........#
###.##.##..###.........#
# #....###.............#
..#### #####..@.....=#
....# #......@.....##
.##.# ..###.........#
... #..(......#
#<>(......# #.........#
#..((.....# ##.......##
... ... ##.....##


You could see Terence.

Vanquished Creatures
  A hound zombie (D:3)
  3 adders
  4 dart slugs
  6 ball pythons
  5 bats
  4 endoplasms
  3 giant cockroaches
  A goblin (D:1)
  4 hobgoblins
  3 jackals (D:1)
  A kobold (D:1)
  A quokka (D:2)
  7 frilled lizards
  4 rats
47 creatures vanquished.

Vanquished Creatures (collateral kills)
  A hobgoblin (D:1)
1 creature vanquished.

Grand Total: 48 creatures vanquished

Notes
Turn   | Place    | Note
-------+----------+-------------------------------------------
     0 | D:1      | tizbic2 the Hill Orc Necromancer began the quest for the
                  | Orb.
     0 | D:1      | Reached XP level 1. HP: 14/14 MP: 3/3
   144 | D:1      | Reached XP level 2. HP: 20/22 MP: 4/4
   157 | D:1      | Found a faded altar of an unknown god.
   468 | D:1      | Reached skill level 1 in Armour
   487 | D:1      | Reached skill level 1 in Axes
   530 | D:1      | HP: 1/22 [hobgoblin (5)]
  1205 | D:1      | Reached XP level 3. HP: 15/27 MP: 5/5
  1423 | D:1      | Learned a level 3 spell: Vampiric Draining
  1735 | D:2      | Reached skill level 1 in Fighting
  2087 | D:2      | Found a shimmering altar of Xom.
  2180 | D:2      | Reached XP level 4. HP: 5/35 MP: 0/7
  2684 | D:3      | Noticed Terence
  3237 | D:3      | Found a runed translucent gate.
  3237 | D:3      | Identified the +6 short sword "Xilothes" {vorpal, rElec
                  | Str+4}
  3237 | D:3      | Identified the +4 scale mail "Xuxzou" {rPois rC++}
  3237 | D:3      | Noticed mortz's ghost (amateur TrFi)
  3238 | D:3      | Found a runed translucent gate.
  3239 | D:3      | Found a runed translucent gate.
  3311 | D:3      | Succumbed to Terence's poison

Illustrated notes

Levels and vault maps discovered:
D:1:      roderic_octagonal_star, layout_basic,
          chequers_ecumenical_altar_simple_redux
D:2:      layout_loops_ring, basic_altar
D:3:      layout_rooms, biasface_ghost_orc_armoury, uniq_terence

Skill      XL: |  1  2  3  4 |
---------------+-------------+-----
Armour         | 1 2 |  2.3
Axes           | 1 2 |  2.0
Fighting       | 1 |  1.7
Spellcasting   | 2 |  2.1
Dodging        | |  1.5
Stealth        | |  1.5
Necromancy     | |  4.3

Action                   |  1- 3 |  4- 6 || total
-------------------------+-------+-------++-------
Melee: Dagger            |    77 |       ||    77
       Mace              |    42 |       ||    42
       Punch             |     1 |       ||     1
       Hand axe          |    10 |    27 ||    37
 Fire: Shortbow          |       |     9 ||     9
 Cast: Pain              |    17 |    12 ||    29
       Vampiric Draining |     3 |       ||     3
  Use: Scroll            |     1 |       ||     1
       Potion            |     1 |       ||     1
Armor: Robe              |    19 |       ||    19
       Chain mail        |     2 |       ||     2
       Ring mail         |    34 |     4 ||    38
Dodge: Dodged            |    95 |    26 ||   121
